 Dungeon Crawl Stone Soup version 0.17-a0-1910-g4c791fa (webtiles) character file.

11678 ololoev the Cleaver (level 11, -4/100 HPs)
             Began as a Hill Orc Fighter on Sept 25, 2015.
             Was an Elder of Makhleb.
             Slain by an orc warrior
             ... wielding a +0 glaive
              (28 damage)
             ... on level 4 of the Orcish Mines.
             The game lasted 00:37:02 (4389 turns).

ololoev the Cleaver (Hill Orc Fighter)              Turns: 4389, Time: 00:37:02

Health: -4/100     AC: 23    Str: 24    XL:     11   Next: 81%
Magic:  17/17      EV:  7    Int:  9    God:    Makhleb [****..]
Gold:   11         SH:  0    Dex: 10    Spells: 0 memorised, 10 levels left

rFire  + + .     SeeInvis +     F - +1 war axe (venom)
rCold  . . .     Clarity  .     z - +3 plate armour {rF+}
rNeg   . . .     SustAt   .     (no shield)
rPois  .         Gourm    .     C - +1 hat {SInv}
rElec  .         Spirit   .     b - +2 cloak {rF+}
rCorr  .         Warding  .     (no gloves)
rMut   .         Stasis   .     g - +0 pair of boots
MR     .....                    h - amulet of rage
Stlth  ..........               (no ring)
                                (no ring)

@: exhausted, slowed, very slow, not resistant to hostile enchantments,
extremely unstealthy
A: clever 1
a: Minor Destruction, Lesser Servant of Makhleb, Major Destruction, Renounce
Religion, Evoke Berserk Rage


Innate Abilities, Weirdness & Mutations

Your mind is acute. (Int +2)

Inventory:

Hand weapons
 a - a +0 battleaxe
 F - a +1 war axe of venom (weapon)
Armour
 b - a +2 cloak of fire resistance (worn)
 g - a +0 pair of boots (worn)
 l - a +1 helmet
 r - a troll hide
 z - a +3 plate armour of fire resistance (worn)
 C - a +1 hat of see invisible (worn)
Jewellery
 h - an amulet of rage (around neck)
 i - an uncursed ring of teleportation
 B - an uncursed amulet of clarity
Scrolls
 k - a scroll of fog
 m - a scroll of summoning
 n - 2 scrolls of blinking
 p - 3 scrolls of remove curse
 q - 3 scrolls of teleportation
 v - 3 scrolls of fear
 x - a scroll of recharging
 D - a scroll of identify
 E - a scroll of magic mapping
Potions
 c - 2 potions of berserk rage
 d - a potion of resistance
 f - a potion of curing
 j - 4 potions of brilliance
 s - 2 potions of magic
 t - a potion of haste
 u - 2 potions of might
 w - 2 potions of flight
Comestibles
 e - 6 bread rations
 o - 5 chunks of flesh
 A - a meat ration


   Skills:
 + Level 10.2 Fighting
 * Level 14.3 Axes
 + Level 9.7 Armour
   Level 3.2 Shields
 * Level 9.1 Invocations
 + Level 5.5 Evocations


You had 10 spell levels left.
You didn't know any spells.


You were on level 4 of the Orcish Mines.
You worshipped Makhleb.
Makhleb was greatly pleased with you.
You were not hungry.

You visited 4 branches of the dungeon, and saw 18 of its levels.
You also visited: Sewer, Ossuary and Volcano.

You collected 629 gold pieces.
You spent 496 gold pieces at shops.

### .. ##.## o ..
##∩.∩## .. ##.....##
##..#.#).## #......)..##
### #...#.#.#3)(## ##.##
#.......)...))## #...##
#..#.#..o)@#)#.(##
##.....
..##....#...)##))##
#...... .#
#...###..o###)(####.....
...# ##...###)(###.....
..# ##.).###..##)....
o##...###.))/....
##...###.......
o##.#.###......
oo##...###.....

Notes
Turn   | Place    | Note
--------------------------------------------------------------
     0 | D:1      | ololoev the Hill Orc Fighter began the quest for the Orb.
     0 | D:1      | Reached XP level 1. HP: 19/19 MP: 1/1
   162 | D:2      | Reached XP level 2. HP: 14/27 MP: 2/2
   279 | D:3      | Reached skill level 1 in Evocations
   279 | D:3      | Reached XP level 3. HP: 22/33 MP: 3/3
   282 | D:3      | Reached skill level 4 in Fighting
   288 | D:3      | Reached XP level 4. HP: 8/40 MP: 4/4
   375 | D:5      | Entered Level 5 of the Dungeon
   381 | D:5      | Noticed an ogre
   390 | D:5      | Killed an ogre
   390 | D:5      | Reached XP level 5. HP: 19/47 MP: 4/6
   429 | D:5      | Noticed Edmund
   429 | D:5      | Noticed a centaur
   444 | D:5      | Killed a centaur
   444 | D:5      | Reached skill level 5 in Axes
   444 | D:5      | Reached XP level 6. HP: 30/53 MP: 7/7
   446 | D:5      | Killed Edmund
   446 | D:5      | Reached skill level 5 in Fighting
   577 | D:5      | Noticed an ogre
   582 | D:5      | Killed an ogre
   582 | D:5      | Reached skill level 6 in Axes
   582 | D:5      | Reached XP level 7. HP: 31/61 MP: 7/9
   592 | D:5      | Reached skill level 5 in Armour
   598 | D:5      | Found a glowing drain.
   599 | D:5      | Noticed an ogre
   610 | D:5      | Killed an ogre
   624 | Sewer    | Entered a sewer
   737 | Sewer    | Reached skill level 7 in Axes
   924 | Sewer    | Reached XP level 8. HP: 70/70 MP: 10/10
   974 | D:6      | Found a radiant altar of Vehumet.
   974 | D:6      | Noticed an oklob plant
   987 | D:6      | Killed an oklob plant
   987 | D:6      | Reached skill level 8 in Axes
  1022 | D:5      | Found a shimmering altar of Xom.
  1229 | D:7      | Found a sand-covered staircase.
  1238 | Ossuary  | Entered an ossuary
  1289 | Ossuary  | Reached skill level 9 in Axes
  1481 | D:6      | Found a sparkling altar of Nemelex Xobeh.
  1530 | D:6      | Found Aphet's Magic Scroll Shoppe.
  1542 | D:6      | Bought a scroll of identify for 30 gold pieces
  1542 | D:6      | Bought a scroll of identify for 30 gold pieces
  1542 | D:6      | Bought 2 scrolls of identify for 60 gold pieces
  1542 | D:6      | Bought a scroll of magic mapping for 52 gold pieces
  1643 | D:4      | Found a staircase to the Ecumenical Temple.
  1649 | Temple   | Entered the Ecumenical Temple
  1714 | Temple   | Became a worshipper of Makhleb the Destroyer
  1898 | D:7      | Reached XP level 9. HP: 64/79 MP: 12/12
  1906 | D:7      | Reached skill level 1 in Invocations
  2000 | D:8      | Found a shadowy altar of Dithmenos.
  2011 | D:8      | Reached skill level 10 in Axes
  2142 | D:9      | Acquired Makhleb's first power
  2145 | D:9      | Got a faintly glowing robe
  2156 | D:9      | Identified the +1 robe of Resilience {Int+3} (You found it on level 9 of the Dungeon)
  2258 | D:10     | Entered Level 10 of the Dungeon
  2259 | D:10     | Noticed Josephine
  2291 | D:9      | Found a staircase to the Lair.
  2304 | Lair:1   | Entered Level 1 of the Lair of Beasts
  2317 | Lair:1   | Noticed Gastronok
  2327 | Lair:1   | Reached skill level 11 in Axes
  2335 | Lair:1   | Killed Gastronok
  2335 | Lair:1   | Reached skill level 12 in Axes
  2335 | Lair:1   | Reached skill level 5 in Invocations
  2335 | Lair:1   | Reached XP level 10. HP: 63/90 MP: 12/14
  2424 | Lair:1   | Found a dark tunnel.
  2424 | Lair:1   | Noticed a fire drake
  2425 | Lair:1   | Gained mutation: Your mind is acute. (Int +2) [helix card]
  2433 | Lair:1   | Killed a fire drake
  2440 | Volcano  | Entered a volcano
  2854 | D:8      | Noticed Prince Ribbit
  2867 | D:8      | Killed Prince Ribbit
  2977 | D:8      | Noticed Psyche
  2985 | D:8      | Killed Psyche
  2985 | D:8      | Reached skill level 13 in Axes
  3212 | D:10     | Reached XP level 11. HP: 97/97 MP: 16/16
  3218 | D:10     | Acquired Makhleb's second power
  3275 | D:11     | Noticed Maurice
  3283 | D:11     | Killed Maurice
  3328 | D:11     | Found a roughly hewn altar of Beogh.
  3329 | D:11     | Drew Focus: Str increased to 24, Int decreased to 7
  3407 | D:11     | Reached skill level 5 in Evocations
  3480 | D:11     | Found a staircase to the Orcish Mines.
  3491 | Orc:1    | Entered Level 1 of the Orcish Mines
  3498 | Orc:1    | Acquired Makhleb's third power
  3766 | Orc:4    | Entered Level 4 of the Orcish Mines
  3826 | Orc:4    | Noticed an orc knight
  3835 | Orc:4    | Found Tumam's Magic Scroll Emporium.
  3842 | Orc:4    | Acquired Makhleb's fourth power
  3852 | Orc:4    | Killed an orc knight
  3908 | Orc:4    | Found Gaaseof's Food Shoppe.
  4001 | Orc:4    | Reached skill level 10 in Fighting
  4071 | Orc:4    | Bought a scroll of summoning for 114 gold pieces
  4071 | Orc:4    | Bought a scroll of random uselessness for 12 gold pieces
  4071 | Orc:4    | Bought a scroll of amnesia for 42 gold pieces
  4071 | Orc:4    | Bought a scroll of identify for 24 gold pieces
  4071 | Orc:4    | Bought a scroll of blinking for 90 gold pieces
  4071 | Orc:4    | Bought a scroll of magic mapping for 42 gold pieces
  4100 | Orc:4    | Reached skill level 14 in Axes
  4357 | Orc:4    | Noticed an orc knight
  4357 | Orc:4    | Noticed an orc knight
  4378 | Orc:4    | Killed an orc knight
  4382 | Orc:4    | Killed an orc knight
  4389 | Orc:4    | Slain by an orc warrior

Dungeon Overview and Level Annotations

Branches:
Dungeon (11/15)            Temple (1/1) D:4            Lair (2/8) D:9
    Orc (4/4) D:11
    Elf: Orc:3-4

Altars:
Ashenzari
Cheibriados
Dithmenos
Fedhas
Gozag
Kikubaaqudgha
Makhleb
Nemelex Xobeh
Qazlal
Sif Muna
Vehumet
Xom
Beogh

Shops:
D:6 ?   Orc:4 %?

Annotations:
D:10 Josephine


Message History

The ball of steam hits the orc knight.
The orc knight dies!
Makhleb accepts your kill.
Unknown command.
What do you say? t - Shout!
Anything else - Stay silent.
You are too berserk!
Unknown command.
You feel a strong urge to attack something.
You are no longer berserk.
You are exhausted.
You feel yourself slow down.
The orc warrior hits your smoke demon but does no damage.
Your smoke demon gestures at the orc warrior.
The orc warrior is smitten.
The orc warrior hits your smoke demon with a glaive!!
Your smoke demon barely misses the orc warrior.
Your smoke demon hits the orc warrior but does no damage. x2
Unknown command.
The orc warrior shouts!
The orc warrior completely misses your smoke demon.
Your smoke demon hits the orc warrior.
Your smoke demon completely misses the orc warrior.
Your smoke demon barely misses the orc warrior.
Unknown command.
Your smoke demon gestures at the orc warrior.
The orc warrior is smitten.
The orc warrior hits your smoke demon with a glaive!!
Your smoke demon dies!
Unknown command.
Use which ability?
A demon appears!
You feel slightly more hungry. The orc warrior completely misses you.
The orc warrior hits you from afar with a glaive!
Unknown command.
Drink which item? (? for menu, Esc to quit)
You feel better.
The orc warrior hits you but does no damage.
The orc warrior hits you from afar with a glaive!!
You die...

You could see 2 orc warriors and a friendly ynoxinul.

Vanquished Creatures
  Gastronok (Lair:1)
  2 orc knights (Orc:4)
  An oklob plant (D:6)
  A sixfirhy (Orc:4)
  Maurice (D:11)
  Psyche (D:8)
  A gargoyle (Volcano)
  An efreet (Volcano)
  3 trolls
  A fire drake (Lair:1)
  Prince Ribbit (D:8)
  A wyvern (D:8)
  2 hippogriffs (D:8)
  A ynoxinul (Orc:4)
  A fire elemental (Volcano)
  A hungry ghost (D:10)
  Edmund (D:5)
  A naga (D:11)
  A warg (Orc:1)
  A water moccasin (Lair:1)
  18 orc warriors
  6 ogres
  A phantom (D:7)
  A wasp (D:9)
  A centaur (D:5)
  A necrophage (D:8)
  4 giant frogs
  2 big kobolds
  3 scorpions
  3 water moccasin zombies (Ossuary)
  3 killer bees (D:11)
  A lava snake (Lair:1)
  2 centaur zombies
  A wasp zombie (D:8)
  2 crimson imps (D:8)
  A giant frog skeleton (D:8)
  2 hounds
  12 orc priests
  3 jellies
  4 orc wizards
  A worker ant (D:10)
  A quasit (D:9)
  A killer bee zombie (D:8)
  2 big kobold zombies (Ossuary)
  A hound zombie (D:5)
  A hound skeleton (D:6)
  2 mummies (Ossuary)
  3 gnolls (D:5)
  12 adders
  3 river rats (Sewer)
  2 oozes (Sewer)
  5 adder zombies (Ossuary)
  2 giant geckos
  66 orcs
  A bat (D:2)
  3 giant cockroaches
  3 goblins
  A hobgoblin (D:2)
  4 jackals (D:5)
  13 ball pythons
  A ball python skeleton (D:5)
  2 giant newts
  4 gnoll zombies (Ossuary)
  5 hobgoblin zombies (Ossuary)
  7 kobolds
  8 kobold zombies (Ossuary)
  An orc zombie (Ossuary)
  25 rats
275 creatures vanquished.

Vanquished Creatures (collateral kills)
  An orc knight (Orc:4)
  An orange demon (Orc:4)
  A smoke demon (Orc:4)
  An orc warrior (Orc:4)
  2 orc priests (Orc:4)
6 creatures vanquished.

Grand Total: 281 creatures vanquished

Action                   |  1- 3 |  4- 6 |  7- 9 | 10-12 || total
-------------------------+-------+-------+-------+-------++-------
Melee: War axe           |    64 |    33 |   338 |   330 ||   765
       Battleaxe         |       |       |       |    28 ||    28
Invok: Minor Destruction |       |       |       |    12 ||    12
       Lesser Servant of |       |       |       |     9 ||     9
       Major Destruction |       |       |       |     3 ||     3
 Abil: Evoke Berserk Rag |       |     3 |     6 |    11 ||    20
Evoke: Deck              |       |       |     4 |     9 ||    13
       Wand              |       |       |       |     4 ||     4
  Use: Scroll            |     4 |       |    13 |     5 ||    22
       Potion            |     1 |     4 |     6 |     9 ||    20
 Stab: Paralysed         |       |       |       |     8 ||     8
  Eat: Chunk             |       |     1 |     6 |    10 ||    17
       Meat ration       |       |       |     1 |     1 ||     2
       Bread ration      |       |       |       |     1 ||     1

Vault maps used:
D:1:      dpeg_arrival_chambers_temple_mockup, patterned_corridor
D:2:      ecumenical_altar_2, minmay_crystal_room
D:3:      gammafunk_temple_overflow_statue
D:4:      temple_green
D:5:      nicolae_overflow_hidden_temple, first_bread, gup_sewer_entry_glass,
          uniq_edmund
D:6:      nemelex_deck, lemuel_zombie_altar_yredelemnul, serial_shops, shop,
          lemuel_oklob_altar
D:7:      nicolae_ossuary_entry_ruins
D:8:      nicolae_dithmenos_shadow_blocks, st_stairs_7, uniq_prince_ribbit1,
          uniq_psyche
D:9:      lair_0_dummy
D:10:     grunt_livestock, uniq_urug, uniq_josephine
D:11:     david_orc_5, guppyfry_shop_venom, uniq_maurice
Temple:   nicolae_temple_figure_eight
Lair:1:   enter_volcano_3, uniq_gastronok
Orc:1:    serial_shops, nicolae_shop_crystal,
          nicolae_shop_temple_entry_statues_fountains, shop_statue, basic_altar
Orc:2:    serial_shops, shop
Orc:3:    nicolae_orc_pool_cavern, lightli_church_of_beogh
Orc:4:    pf_orc_diabolical, serial_shops, nicolae_shop_waterfront,
          shop_fountains
Sewer:    sewer_minmay_w
Ossuary:  ossuary_tomb_2
Volcano:  volcano_overflow
